 Dungeon Crawl Stone Soup version 0.31.0-12-g77e489cdc1 (webtiles) character file.

Game seed: 15484062053995289006

76 hawla the Ducker (level 4, -25/40 HPs)
             Began as a Minotaur Fighter on Mar 5, 2024.
             Annihilated by an ogre
             ... wielding a +0 giant club
              (33 damage)
             ... on level 3 of the Dungeon.
             The game lasted 00:04:11 (1683 turns).

hawla the Ducker (Minotaur Fighter)                 Turns: 1683, Time: 00:04:12

Health: -25/40     AC: 13    Str: 22    XL:     4   Next: 12%
Magic:  3/3        EV:  7    Int:  5    God:
Gold:   168        SH:  4    Dex: 10    Spells: 3/3 levels left

rFire   . . .        a - +0 war axe
rCold   . . .        c - +0 buckler
rNeg    . . .        q - +0 plate armour
rPois   .            (helmet restricted)
rElec   .            (no cloak)
rCorr   .            (no gloves)
SInv    .            e - +1 pair of boots
Will    .....        (no amulet) Stlth
                     (no ring)
HPRegen 0.26/turn    (no ring)
MPRegen 0.08/turn

%: no passive effects
@: no status effects
A: horns 2, retaliatory headbutt
a: no special abilities


You were on level 3 of the Dungeon.
You visited 1 branch of the dungeon, and saw 3 of its levels.

You collected 168 gold pieces.

Inventory:

Hand Weapons
 a - a +0 war axe (weapon)
Armour
 c - a +0 buckler (worn)
 e - a +1 pair of boots (worn)
 q - a +0 plate armour (worn)
Scrolls
 g - a scroll of enchant armour
 h - a scroll of enchant weapon
 j - 2 scrolls of revelation
 l - a scroll of fog
 m - a scroll of amnesia {unknown}
 n - a scroll of identify
 o - a scroll of vulnerability {unknown}
Potions
 d - 2 potions of might
 f - 2 potions of brilliance
 i - 3 potions of enlightenment {unknown}
 k - 2 potions of curing {unknown}
 p - a potion of lignification {unknown}


   Skills:
 + Level 3.9 Fighting
 - Level 2.4 Axes
 - Level 3.6 Armour
 - Level 4.0 Dodging
 - Level 3.6 Shields


You had 3 spell levels left.
You didn't know any spells.
Your spell library was empty.

Dungeon Overview and Level Annotations

Branches:
Dungeon (3/15)

Altars:

Shops:
D:1 [


Innate Abilities, Weirdness & Mutations

You have a pair of horns on your head.
You reflexively headbutt those who attack you in melee.


Message History

An endoplasm comes into view.
The endoplasm quivers.
The endoplasm completely misses you.
You hit the endoplasm.
The endoplasm is moderately wounded.
You block the endoplasm's attack.
You slash the endoplasm!
You kill the endoplasm!
You see here a +0 plate armour.
You start removing your armour.
You continue taking off your +0 scale mail. x4
You finish taking off your +0 scale mail.
You start putting on your armour.
You continue putting on your +0 plate armour. x5
You finish putting on your +0 plate armour.
Your shopping list is now empty.
Unknown command.
Okay, then.
You drop a +0 scale mail.
There is a stone staircase leading down here.
Found a stone staircase leading up.
Found a rapier.
An ogre comes into view. It is wielding a +0 giant club.
The ogre shouts!
An ogre is nearby!
You hit the ogre.
The ogre is lightly wounded.
The ogre hits you with a +0 giant club!
You slash the ogre!
The ogre is heavily wounded.
The ogre hits you with a +0 giant club!
You slash the ogre!
The ogre is almost dead.
The ogre hits you with a +0 giant club!
* * * LOW HITPOINT WARNING * * *
You hit the ogre.
The ogre is almost dead.
The ogre hits you with a +0 giant club!!
Ouch! That really hurt!
You die...

#[# ######.##
#######........
#..............
#.###.#.#.##.##
#...#.#.#.##.#.
##.#
#..#.#.##...
##.###.#
##..<#.##.#.
#...O@.#
#...#.##...
###..###.#
#..##......
#...)...#.###..#
######.
#.#####.##...#.
#. #.###.##. #.
#..>..##. .
#.###..# # #<#
#..# .# ..#
#.[###.#


You could see an ogre.

Vanquished Creatures
  2 adders
  3 dart slugs
  A ribbon worm (D:2)
  10 endoplasms
  2 giant cockroaches
  6 goblins
  3 hobgoblins
  4 jackals (D:1)
  2 quokkas (D:3)
  3 ball pythons (D:2)
  A bat (D:2)
  2 frilled lizards
  4 kobolds
  2 rats
45 creatures vanquished.

Notes
Turn   | Place    | Note
-------+----------+-------------------------------------------
     0 | D:1      | hawla the Minotaur Fighter began the quest for the Orb.
     0 | D:1      | Reached XP level 1. HP: 19/19 MP: 0/0
    17 | D:1      | Reached skill level 1 in Dodging
   113 | D:1      | Reached XP level 2. HP: 26/26 MP: 1/1
   115 | D:1      | Found Vato's Armour Shop.
   200 | D:1      | Reached skill level 2 in Dodging
   902 | D:2      | Reached skill level 3 in Dodging
   902 | D:2      | Reached XP level 3. HP: 29/31 MP: 2/2
  1315 | D:3      | Reached skill level 4 in Dodging
  1339 | D:3      | Reached XP level 4. HP: 39/40 MP: 3/3
  1678 | D:3      | Noticed an ogre
  1683 | D:3      | Annihilated by an ogre

Illustrated notes

Levels and vault maps discovered:
D:1:      dpeg_arrival_ternary, layout_loops_ring, serial_shops,
          nicolae_shop_pleasant_corner_grove, minivault_23
D:2:      layout_rooms, minivault_11
D:3:      layout_loops_ring, nicolae_figureground_sparkle

Skill      XL: |  1  2  3 |
---------------+----------+-----
Dodging        | 1 3 4 |  4.0
Fighting       | |  3.9
Axes           | |  2.4
Armour         | |  3.6
Shields        | |  3.6

Action                     |  1- 3 |  4- 6 || total
---------------------------+-------+-------++-------
  Melee: War axe           |    69 |    14 ||    83
         Headbutt          |    17 |       ||    17
    Use: Scroll            |     5 |       ||     5
 Armour: Scale mail        |    44 |     6 ||    50
         Plate armour      |       |     4 ||     4
  Dodge: Dodged            |    36 |     3 ||    39
  Block: Buckler           |    21 |     2 ||    23
